 Dungeon Crawl Stone Soup version 0.29.1-2-gbd0b4ee654 (webtiles) character file.

Game seed: 4770416755458717162

21 GorkyZ the Chopper (level 2, -4/18 HPs)
             Began as a Gargoyle Gladiator on Dec 1, 2022.
             Slain by Sigmund
             ... wielding a +0 scythe
              (6 damage)
             ... on level 2 of the Dungeon.
             The game lasted 00:04:13 (1189 turns).

GorkyZ the Chopper (Gargoyle Gladiator)             Turns: 1189, Time: 00:04:14

Health: -4/18      AC: 10    Str: 17    XL:     2   Next: 83%
Magic:  2/2        EV: 11    Int:  8    God:
Gold:   13         SH:  0    Dex: 11    Spells: 1/1 levels left

rFire   + . .      SeeInvis .   a - +0 war axe
rCold   + . .      Faith    .   (no shield)
rNeg    + . .      Spirit   .   k - +0 ring mail
rPois   ∞          Reflect  .   c - +0 helmet
rElec   +          Harm     .   j - +0 cloak
rCorr   +          Rampage  .   (no gloves)
Will    .....                   (no boots)
Stlth   ..........              (no amulet)
HPRegen 0.06/turn               (no ring)
MPRegen 0.08/turn               (no ring)

@: confused, resistant
A: sickness immunity, AC +2, negative energy resistance 1, electricity
resistance, torment resistance 1, petrification resistance
a: no special abilities


You were on level 2 of the Dungeon.
You visited 1 branch of the dungeon, and saw 2 of its levels.

You collected 13 gold pieces.

Inventory:

Hand Weapons
 a - a +0 war axe (weapon)
Armour
 b - a +0 leather armour
 c - a +0 helmet (worn)
 j - a +0 cloak (worn)
 k - a +0 ring mail (worn)
Scrolls
 m - 2 scrolls of poison
Potions
 i - a potion of magic


   Skills:
 + Level 2.4 Fighting
 * Level 3.0 Axes
 + Level 2.0 Throwing
 + Level 0.7 Armour
 + Level 2.6 Dodging


You had one spell level left.
You didn't know any spells.
Your spell library was empty.

Dungeon Overview and Level Annotations

Branches:
Dungeon (2/15)

Altars:

Shops:
D:1 =

Annotations:
D:2 Sigmund


Innate Abilities, Weirdness & Mutations

You are immune to sickness and miasma.
Your stone body is resilient. (AC +2)
You are immune to poison.
You resist negative energy. (rN+)
You are resistant to electric shocks. (rElec)
You are resistant to unholy torment.
You are immune to petrification.


Message History

You climb upwards.
Reactivating autopickup.
There is a stone staircase leading down here.
You start resting.
HP restored.
Okay, then.
You feel protected.
You climb downwards.
Level annotation: Sigmund
There is a stone staircase leading up here.
Sigmund casts a spell at you. You resist with significant effort.
Sigmund says, "I'm your fate." Sigmund gestures at you while chanting.
The puff of flame hits you. You resist.
Sigmund points at you and mumbles some strange words.
You are confused.
Sigmund casts a spell at you.
The magic dart hits you but does no damage.
You see here a throwing net.
d - a throwing net Sigmund points at you and mumbles some strange words.
You are more confused.
Sigmund casts a spell at you.
You are more confused.
You bump into the rock wall.
Sigmund hits you from afar with a +0 scythe!
Ouch! That really hurt!
Sigmund hits you from afar with a +0 scythe.
* * * LOW HITPOINT WARNING * * *
You closely miss Sigmund. Sigmund barely misses you.
You throw a throwing net.
The throwing net closely misses Sigmund.
Sigmund gestures at you while chanting. The puff of flame misses you.
You hit Sigmund.
Sigmund is lightly wounded.
Sigmund hits you but does no damage.
You throw a javelin. Sigmund hits you with a +0 scythe.
You die...

##. ... ...# ...
#... #.# ... #.#
#)#### #.#
#....#########.##
#........##...#
#........##...#
#......@.##...#
###.....@....<..#
...........<.(##...#
######....>...##...#
###########..<#
#####


You could see Sigmund.

Vanquished Creatures
  A dart slug (D:1)
  2 bats (D:1)
  2 endoplasms (D:1)
  A giant cockroach (D:1)
  A hobgoblin (D:1)
  A ball python (D:1)
  2 frilled lizards (D:1)
  3 goblins (D:1)
  3 kobolds (D:1)
  2 rats (D:1)
18 creatures vanquished.

Vanquished Creatures (others)
  A hobgoblin (D:2)
  A plant (D:1)
2 creatures vanquished.

Grand Total: 20 creatures vanquished

Notes
Turn   | Place    | Note
-------+----------+-------------------------------------------
     0 | D:1      | GorkyZ the Gargoyle Gladiator began the quest for the Orb.
     0 | D:1      | Reached XP level 1. HP: 12/12 MP: 1/1
    80 | D:1      | Reached XP level 2. HP: 13/17 MP: 2/2
   198 | D:1      | Reached skill level 3 in Axes
   245 | D:1      | Found Quwy's One-of-a-Kind Rings.
   525 | D:2      | Noticed Sigmund
  1189 | D:2      | Slain by Sigmund

Illustrated notes

Levels and vault maps discovered:
D:1:      dpeg_arrival_arbitrary_c, layout_basic, nicolae_shop_unique_rings,
          serial_bayou_pond_d
D:2:      layout_rooms, basic_altar, roderic_lattice_a, minmay_bisected,
          uniq_sigmund

Skill      XL: |  1  2 |
---------------+-------+-----
Axes           | 3 |  3.0
Throwing       | 2 |  2.0
Fighting       | |  2.4
Armour         | |  0.7
Dodging        | |  2.6

Action                   || total
-------------------------++-------
Melee: War axe           ||    37
       Punch             ||     1
Throw: Throwing net      ||     6
       Javelin           ||     2
  Use: Scroll            ||     6
       Potion            ||     1
Armor: Leather armour    ||    10
       Ring mail         ||     9
Dodge: Dodged            ||    33
